 Dungeon Crawl Stone Soup version 0.20-a0-1116-gaa52201 (webtiles) character file.

9 MenacingMecha the Cudgeler (level 2, 22/22 HPs)
             Began as a Demonspawn Gladiator on May 6, 2017.
             Quit the game on level 1 of the Dungeon.
             The game lasted 00:00:28 (189 turns).

MenacingMecha the Cudgeler (Demonspawn Gladiator)    Turns: 189, Time: 00:00:28

Health: 22/22      AC:  4    Str: 14    XL:     2   Next: 6%
Magic:  2/2        EV: 12    Int:  9    God:
Gold:   30         SH:  0    Dex: 14    Spells: 1/1 levels left

rFire    . . .     SeeInvis .   a - +0 flail
rCold    . . .     Gourm    .   (no shield)
rNeg     . . .     Faith    .   b - +0 leather armour
rPois    .         Spirit   .   c - +0 helmet
rElec    .         Reflect  .   (no cloak)
rCorr    .         Harm     .   (no gloves)
MR       .....                  (no boots)
Stlth    +.........             (no amulet)
Regen    0.1/turn               (no ring)
MPRegen  0.1/turn               (no ring)

@: no status effects
A: talons 1
a: no special abilities


You were on level 1 of the Dungeon.
You were not hungry.

You visited 1 branch of the dungeon, and saw 1 of its levels.

You collected 30 gold pieces.

Inventory:

Hand Weapons
 a - a +0 flail (weapon)
Missiles
 d - 3 throwing nets
Armour
 b - a +0 leather armour (worn)
 c - a +0 helmet (worn)
Scrolls
 e - 2 scrolls of identify {unknown}
 i - a scroll of fog {unknown}
Comestibles
 f - a bread ration
 g - 4 chunks of flesh
 h - 4 fruits


   Skills:
 - Level 2.0 Fighting
 + Level 3.2 Maces & Flails
 - Level 1.7 Throwing
 - Level 2.6 Dodging


You had one spell level left.
You didn't know any spells.

Dungeon Overview and Level Annotations

Branches:
Dungeon (1/15)

Altars:


Innate Abilities, Weirdness & Mutations

You have sharp toenails.


Message History

The rat barely misses you.
The hobgoblin hits you but does no damage.
You hit the hobgoblin but do no damage.
The hobgoblin is almost dead.
The rat bites you but does no damage.
The hobgoblin hits you but does no damage.
You hit the hobgoblin.
You kill the hobgoblin!
The rat barely misses you. The rat closely misses you.
You barely miss the rat. The rat bites you.
You hit the rat.
You kill the rat!
No target in view!
No target in view!
You butcher the hobgoblin corpse.
g - 3 chunks of flesh You start resting.
HP restored.
e - a scroll labeled MUEMOS USITAH
h - 4 fruits You now have 9 gold pieces.
e - 2 scrolls labeled MUEMOS USITAH (gained 1)
You now have 18 gold pieces (gained 9).
A bat comes into view.
A bat is nearby!
The bat completely misses you.
You thump the bat!
You kill the bat!
Your Maces & Flails skill increases to level 3!
A giant cockroach comes into view.
Found a stone staircase leading down.
A giant cockroach is nearby!
A bat comes into view.
You see here 9 gold pieces.
You now have 27 gold pieces (gained 9).
You closely miss the bat. The bat hits you but does no damage.
You hit the giant cockroach but do no damage.
The bat barely misses you.
The giant cockroach bites you but does no damage.
You closely miss the giant cockroach. The bat completely misses you.
The giant cockroach bites you but does no damage.
The bat hits you but does no damage. The giant cockroach closely misses you.
You barely miss the giant cockroach. The bat barely misses you.
The giant cockroach misses you.
You thump the giant cockroach!
You kill the giant cockroach!
The bat barely misses you.
You barely miss the bat. The bat hits you but does no damage.
The bat hits you but does no damage. The bat hits you but does no damage.
The bat hits you but does no damage.
You barely miss the bat. The bat hits you but does no damage.
The bat barely misses you.
You hit the bat.
The bat is moderately wounded.
The bat closely misses you. The bat closely misses you.
The bat hits you but does no damage.
You closely miss the bat.
The bat is moderately wounded.
The bat closely misses you. x2; The bat barely misses you.
You hit the bat.
You kill the bat!
No target in view!
No target in view!
No target in view!
No target in view!
No target in view!
No target in view!
No target in view!
No target in view!
No target in view!
No target in view!
No target in view!
No target in view!
You see here a bat corpse.
You butcher the bat corpse.
g - 4 chunks of flesh (gained 1)
A goblin comes into view. It is wielding a club.
The goblin shouts!
A goblin is nearby!
The goblin closely misses you.
You barely miss the goblin. The goblin closely misses you.
You sock the goblin!
You kill the goblin!
You have reached level 2!
Your demonic ancestry asserts itself...
Your toenails lengthen and sharpen.
You see here a club.
i - a scroll labeled GISAB MAILI You now have 30 gold pieces (gained 3).
A kobold comes into view. It is wielding a dagger.
The kobold shouts!
A kobold is nearby!
Found a stone staircase leading down.
The kobold completely misses you. The kobold hits you but does no damage.
The kobold hits you but does no damage.
You sock the kobold!
You kill the kobold!
You see here a dagger.
Are you sure you want to abandon this character and quit the game? (Confirm with "yes".)

..... ....
#....#. ...#
#..>.. ...
#..... ..
#....# .# #
#....##.#.#
#.........#.#
#....@......#
#...........#
+....#......#
##.#........#
#.#........#
#..........#
#.........##
#.........#
#####.....#####


There were no monsters in sight!

Vanquished Creatures
  2 bats (D:1)
  A giant cockroach (D:1)
  A goblin (D:1)
  2 hobgoblins (D:1)
  A kobold (D:1)
  A rat (D:1)
8 creatures vanquished.

Notes
Turn   | Place    | Note
-------+----------+-------------------------------------------
     0 | D:1      | MenacingMecha the Demonspawn Gladiator began the quest for the Orb.
     0 | D:1      | Reached XP level 1. HP: 16/16 MP: 1/1
   134 | D:1      | Reached skill level 3 in Maces & Flails
   172 | D:1      | Gained mutation: You have sharp toenails. [demonic ancestry]
   172 | D:1      | Reached XP level 2. HP: 22/22 MP: 2/2
   189 | D:1      | Quit the game

Vault maps used:
D:1:      dpeg_arrival_stonehenge_12_columns

Skill      XL: |  1 |
---------------+----+-----
Maces & Flails | 3 |  3.2
Fighting       | |  2.0
Throwing       | |  1.7
Dodging        | |  2.6

Action                   || total
-------------------------++-------
Melee: Flail             ||    21
Armor: Leather armour    ||    15
Dodge: Dodged            ||    25

Vault maps used:
D:1:      dpeg_arrival_stonehenge_12_columns

Table legend:
 A = Turns spent in this place as a percentage of turns spent in the entire game.
 B = Non-inter-level travel turns spent in this place as a percentage of non-inter-level travel turns spent in the entire game.
 C = Inter-level travel turns spent in this place as a percentage of turns spent in this place.
 D = Turns resting spent in this place as a percentage of non-inter-level travel turns spent in this place.
 E = Turns spent auto-exploring this place as a percentage of non-inter-level travel turns spent in this place.
 F = Non-inter-level travel turns spent in this place divided by the number of levels of this place that you've seen.
                   A       B       C       D       E      F
               +-------+-------+-------+-------+-------+----------------------
         Total | 100.0 | 100.0 |   0.0 |   2.5 |   7.5 |  80.0
       Dungeon | 100.0 | 100.0 |   0.0 |   2.5 |   7.5 |  80.0
               +-------+-------+-------+-------+-------+----------------------

Table legend:
 A = Kills in this place as a percentage of kills in entire the game.
 B = Kills by you in this place as a percentage of kills by you in the entire game.
 C = Kills by friends in this place as a percentage of kills by friends in the entire game.
 D = Other kills in this place as a percentage of other kills in the entire game.
 E = Experience gained in this place as a percentage of experience gained in the entire game.
 F = Experience gained in this place divided by the number of levels of this place that you have seen.
                   A       B       C       D       E      F
               +-------+-------+-------+-------+-------+----------------------
         Total | 100.0 | 100.0 |  -nan |  -nan | 100.0 |  14.0
       Dungeon | 100.0 | 100.0 |  -nan |  -nan | 100.0 |  14.0
               +-------+-------+-------+-------+-------+----------------------
